 Dungeon Crawl Stone Soup version 0.31.0-32-g396128a36d (webtiles) character file.

Game seed: 13678895972195228673

11 spaghetti the Slasher (level 2, -3/28 HPs)
             Began as a Naga Berserker on Mar 25, 2024.
             Was a Follower of Trog.
             Frozen to death by an endoplasm (4 damage)
             ... on level 1 of the Dungeon.
             The game lasted 00:00:35 (320 turns).

spaghetti the Slasher (Naga Berserker)               Turns: 320, Time: 00:00:36

Health: -3/28      AC:  1    Str: 19    XL:     2   Next: 29%
Magic:  2/2        EV:  9    Int:  7    God:    Trog [*.....]
Gold:   1          SH:  0    Dex: 10    Spells: 1/1 levels left

rFire   . . .        a - +0 falchion
rCold   . . .        (no shield)
rNeg    . . .        b - +0 animal skin
rPois   +            (no helmet)
rElec   .            (no cloak)
rCorr   .            (no gloves)
SInv    +            (no barding)
Will    .....        (no amulet)
Stlth   +            (no ring)
HPRegen 0.24/turn    (no ring)
MPRegen 0.08/turn

%: no passive effects
@: about to teleport, short of breath, on berserk cooldown, slowed, very slow
A: AC +0, large, see invisible, deformed body, poison resistance, slowness 2,
spit poison 1, naga tail 1
a: Spit Poison, Renounce Religion, Berserk


You were on level 1 of the Dungeon.
You worshipped Trog.
Trog was aware of your devotion.
You visited 1 branch of the dungeon, and saw 1 of its levels.

You collected 1 gold pieces.

Inventory:

Hand Weapons
 a - a +0 falchion (weapon)
Armour
 b - a +0 animal skin (worn)
Scrolls
 c - a scroll of identify {unknown}


   Skills:
 - Level 3.0 Fighting
 + Level 3.7 Long Blades
 - Level 1.5 Armour
 - Level 1.5 Dodging


You had one spell level left.
You didn't know any spells.
Your spell library was empty.

Dungeon Overview and Level Annotations

Branches:
Dungeon (1/15)

Altars:


Innate Abilities, Weirdness & Mutations

Your serpentine skin is tough. (AC +0)
You have supernaturally acute eyesight. (SInv)
Armour fits poorly on your strangely shaped body.
Your system is resistant to poisons. (rPois)
You cover ground very slowly.
You can spit poison.
You have a snake-like lower body.


Message History

You hit the giant cockroach.
You kill the giant cockroach!
Trog accepts your kill. The bat hits you but does no damage. The rat bites you.
The rat bites you but does no damage.
An endoplasm comes into view.
Found a scroll labelled IJEAGA COGUIRPH and a scroll labelled UVUFIE LEDDU.
The bat hits you. The bat barely misses you. The rat bites you.
The rat closely misses you.
You see here a giant cockroach corpse.
You slash the bat!
You kill the bat!
Trog accepts your kill. The rat bites you.
* * * LOW HITPOINT WARNING * * *
You aren't carrying any potions.
Okay, then.
You hit the rat.
The rat is moderately wounded.
The rat bites you.
* * * LOW HITPOINT WARNING * * *
The rat barely misses you.
You aren't carrying any potions.
As you read the scroll labelled BECAJU SYVOHO, it crumbles to dust.
You feel strangely unstable.
It was a scroll of teleportation.
The rat misses you. The rat closely misses you.
You hit the rat.
You kill the rat!
Trog accepts your kill. The endoplasm freezes you.
You are frozen.
* * * LOW HITPOINT WARNING * * *
Aiming: Spit Poison (2% risk of failure)
Press: ? - help, Shift-Dir - straight line, f - endoplasm
Aim: an endoplasm (97% to hit)
The splash of poison hits the endoplasm.
The endoplasm is lightly wounded.
The endoplasm freezes you.
You are frozen.
You die...

#.. ##### .. ####...#
.## #......# ###..# #
#.##...# #...# ?#
#.###.## #..## ?#
####.##...####...#.##
.....##.#..†...†@J..#
#######....>...†$.#...#
....# ####.######.# ##
###.######.# .#
#......... ..
#.######.## ##. ###.###
#.# .. ......# #.# ..
#####.# #.#


You could see an endoplasm.

Vanquished Creatures
  An endoplasm (D:1)
  A giant cockroach (D:1)
  3 quokkas (D:1)
  A ball python (D:1)
  A bat (D:1)
  A frilled lizard (D:1)
  A goblin (D:1)
  3 rats (D:1)
12 creatures vanquished.

Notes
Turn   | Place    | Note
-------+----------+-------------------------------------------
     0 | D:1      | spaghetti the Naga Berserker began the quest for the Orb.
     0 | D:1      | Reached XP level 1. HP: 21/21 MP: 1/1
   272 | D:1      | Reached XP level 2. HP: 25/28 MP: 2/2
   319 | D:1      | HP: 1/28 [frozen (5)]
   320 | D:1      | Frozen to death by an endoplasm

Illustrated notes

Levels and vault maps discovered:
D:1:      dpeg_arrival_pits, layout_loops_ring, minmay_misc_feat_rugged,
          minmay_pentomino_x4

Action                     || total
---------------------------++-------
  Melee: Falchion          ||    28
 Invoke: Berserk           ||     3
Ability: Spit Poison       ||     1
    Use: Scroll            ||     1
   Stab: Sleeping          ||     1
 Armour: Animal skin       ||    33
  Dodge: Dodged            ||    29
